 Dungeon Crawl Stone Soup version 0.27-a0-1196-g3e9cee4cb2 (webtiles) character file.

Game seed: 1167996448599545398

45530 HalberdGnoll the Sage (level 14, -16/114 HPs)
             Began as a Vine Stalker Wanderer on May 28, 2021.
             Was a High Priest of Sif Muna.
             Demolished by an orc warrior
             ... wielding a +0 battleaxe
              (22 damage)
             ... on level 1 of the Orcish Mines on May 29, 2021.
             The game lasted 02:43:22 (29280 turns).

HalberdGnoll the Sage (Vine Stalker Wanderer)      Turns: 29280, Time: 02:43:22

Health: -16/114    AC: 10    Str: 16    XL:     14   Next: 33%
Magic:  0/27       EV: 19    Int: 13    God:    Sif Muna [*****.]
Gold:   1595       SH:  6    Dex: 17    Spells: 5/29 levels left

rFire    + . .     SeeInvis .   a - +2 dagger (venom)
rCold    + . .     Faith    .   Q - +1 buckler {rC+}
rNeg     . . .     Spirit   +   x - +1 ring mail {Will+}
rPois    .         Reflect  .   G - +2 hat
rElec    .         Harm     .   A - +0 cloak
rCorr    .         Rampage  .   R - +0 pair of gloves
Will     ++...                  (no boots)
Stlth    ..........             i - amulet of regeneration
HPRegen  2.29/turn              F - +4 ring of evasion
MPRegen  0.20/turn              U - ring of protection from fire

@: berserking, very quick
A: fangs 3, regeneration 1, magic shield, antimagic bite, no potion heal 2
a: Renounce Religion, Channel Magic, Forget Spell, Divine Exegesis


You were on level 1 of the Orcish Mines.
You worshipped Sif Muna.
Sif Muna was extremely pleased with you.
You visited 4 branches of the dungeon, and saw 19 of its levels.
You also visited: Volcano.

You collected 1595 gold pieces.

Inventory:

Hand Weapons
 a - a +2 dagger of venom (weapon)
 b - a +0 hunting sling
 h - a +2 dagger of speed
 u - a +3 dire flail of protection
 I - the +2 flail of Gixi {vamp, Will+}
   (You found it on level 8 of the Dungeon)

   It inflicts no extra harm, but heals its wielder when it wounds a living foe.
   It increases your willpower.
Missiles
 j - 25 poisoned darts (quivered)
 Y - 5 atropa-tipped darts
Armour
 d - a +0 robe
 x - a +1 ring mail of willpower (worn)
 A - a +0 cloak (worn)
 G - a +2 hat (worn)
 Q - a +1 buckler of cold resistance (worn)
 R - a +0 pair of gloves (worn)
Magical Staves
 g - a staff of earth
 L - a staff of poison
Jewellery
 i - an amulet of regeneration (around neck)
 k - a ring of ice
 m - a ring of fire
 p - a +6 ring of dexterity
 B - a ring of fire
 C - an amulet of magic regeneration
 E - a ring of flight
 F - a +4 ring of evasion (left hand)
 J - a ring of wizardry
 M - a ring of ice
 U - a ring of protection from fire (right hand)
Wands
 H - a wand of paralysis (16)
 K - a wand of mindburst (37)
 O - a wand of acid (6)
Scrolls
 c - a scroll of magic mapping
 e - a scroll of enchant weapon
 q - a scroll of fog
 y - 4 scrolls of teleportation
 S - a scroll of amnesia
 V - a scroll of summoning {unknown}
 X - a scroll of silence {unknown}
Potions
 f - a potion of resistance {unknown}
 o - 9 potions of curing
 r - 2 potions of flight
 s - 2 potions of berserk rage
 v - a potion of mutation {unknown}
 w - 2 potions of might
 z - 3 potions of ambrosia
 D - 3 potions of haste
 P - a potion of heal wounds {unknown}
 T - 2 potions of attraction
 W - a potion of cancellation {unknown}
Miscellaneous
 N - a condenser vane
 Z - a tin of tremorstones (2/2)


   Skills:
 - Level 9.7 Fighting
 - Level 1.0 Throwing
 - Level 8.2 Dodging
 - Level 3.9 Stealth
 - Level 4.0 Shields
 - Level 1.0 Unarmed Combat
 - Level 8.0 Spellcasting
 + Level 4.9 Hexes
 - Level 7.0 Summonings
 - Level 3.4 Transmutations
 + Level 9.9 Ice Magic
 - Level 3.5 Earth Magic
 - Level 12.0 Invocations


You had 5 spell levels left.
You knew the following spells:

 Your Spells              Type           Power      Damage    Failure   Level
a - Summon Small Mammal   Summ           92%        N/A       1%          1
b - Call Imp              Summ           23%        N/A       2%          2
c - Call Canine Familiar  Summ           23%        N/A       4%          3
d - Summon Ice Beast      Ice/Summ       27%        N/A       9%          4
e - Ozocubu's Armour      Ice            31%        N/A       1%          3
f - Frozen Ramparts       Ice            62%        1d8       1%          3
g - Summon Guardian Gole  Hex/Summ       20%        N/A       7%          3
h - Metabolic Englaciati  Hex/Ice        12%        N/A       34%         5

Your spell library contained the following spells:

 Spells                   Type           Power      Damage    Failure   Level
 Freeze                   Ice            100%       1d11      1%          1
 Ensorcelled Hibernation  Hex/Ice        48%        N/A       1%          2
 Corona                   Hex            20%        N/A       3%          1
 Confusing Touch          Hex            18%        N/A       11%         3
 Ice Form                 Ice/Tmut       22%        N/A       17%         4
 Animate Skeleton         Necr           10%        N/A       26%         1
 Apportation              Tloc           10%        N/A       26%         1
 Foxfire                  Conj/Fire      20%        2x1d5     26%         1
 Magic Dart               Conj           20%        1d4       26%         1
 Pain                     Necr           20%        1d5       26%         1
 Shock                    Conj/Air       20%        1d4       26%         1
 Dazzling Flash           Conj/Hex       22%        N/A       28%         3
 Inner Flame              Hex/Fire       11%        N/A       28%         3
 Portal Projectile        Hex/Tloc       22%        N/A       28%         3
 Animate Armour           Summ/Erth      36%        N/A       30%         4
 Hailstorm                Conj/Ice       18%        3d6       34%         4
 Corpse Rot               Necr/Air       N/A        N/A       36%         2
 Poisonous Vapours        Pois/Air       10%        N/A       36%         2
 Searing Ray              Conj           10%        3d3       36%         2
 Static Discharge         Conj/Air       5%         N/A       36%         2
 Leda's Liquefaction      Hex/Erth       8%         N/A       43%         4
 Summon Lightning Spire   Summ/Air       14%        N/A       52%         4
 Summon Mana Viper        Hex/Summ       20%        N/A       54%         5
 Conjure Flame            Conj/Fire      5%         6-21      61%         3
 Mephitic Cloud           Conj/Pois/Air  5%         N/A       61%         3
 Swiftness                Air            5%         N/A       61%         3
 Vampiric Draining        Necr           2%         2d6       61%         3
 Fulminant Prism          Conj/Hex       5%         3d7       67%         4
 Airstrike                Air            2%         N/A       95%         4
 Animate Dead             Necr           2%         N/A       95%         4
 Iskenderun's Mystic Bla  Conj/Tloc      5%         2d3       95%         4
 Sticky Flame             Conj/Fire      5%         2d3       95%         4
 Bolt of Magma            Conj/Fire/Erth 4%         4d5       99%         5
 Agony                    Necr           5%         N/A       100%        5
 Fireball                 Conj/Fire      2%         3d4       100%        5
 Lightning Bolt           Conj/Air       2%         1d14      100%        5
 Death Channel            Necr           2%         N/A       100%        6
 Freezing Cloud           Conj/Ice/Air   6%         6-21      100%        6
 Iron Shot                Conj/Erth      4%         9d2       100%        6
 Statue Form              Tmut/Erth      9%         N/A       100%        6
 Shatter                  Erth           7%         3d9*      100%        9


Dungeon Overview and Level Annotations

Branches:
Dungeon (10/15)            Temple (1/1) D:7            Lair (6/6) D:10
 Shoals (0/4) Lair:4       Spider (0/4) Lair:2        Slime (0/5) Lair:5
    Orc (2/2) D:9         Volcano (visited)
    Elf: Orc:2

Altars:
Ashenzari
Cheibriados
Dithmenos
Elyvilon
Fedhas
Gozag
Hepliaklqana
Kikubaaqudgha
Makhleb
Nemelex Xobeh
Okawaru
Qazlal
Ru
Sif Muna
Trog
Uskayaw
Vehumet
Wu Jian
Xom
Yredelemnul
Zin
The Shining One
Beogh
Jiyva

Annotations:
Lair:4 1 runed translucent door, exclusion: hydra


Innate Abilities, Weirdness & Mutations

You have razor-sharp teeth.
Your natural rate of healing is unusually fast.
When hurt, damage is shared between your health and your magic reserves.
Your bite disrupts and absorbs the magic of your enemies.
Potions cannot restore your health.


Message History

There is a stone staircase leading down here.
Casting: Summon Ice Beast (dangerous; 9% risk of failure)
Confirm with . or Enter, or press ? or * to list all spells.
A chill wind blows around you. Something hits you but does no damage.
Deactivating autopickup; reactivate with Ctrl-A.
The orc wizard misses you.
The orc warrior hits you with a +0 battleaxe.
You barely miss the orc wizard.
The orc wizard is almost dead.
Something hits you.
The orc wizard points at you and mumbles some strange words.
The magic dart hits you. You block the orc warrior's attack.
Your ice beast barely misses something.
You hit the orc wizard.
The orc wizard is poisoned.
You bite the orc wizard.
You kill the orc wizard!
Sif Muna accepts your kill.
You hear some strange, mumbled words.
A magic dart appears from out of thin air!
The magic dart hits you but does no damage.
The orc warrior hits you with a +0 battleaxe!
Your ice beast closely misses something.
You barely miss the orc warrior. Your bite misses the orc warrior.
The orc warrior is heavily wounded.
Something hits you. You block the orc warrior's attack.
Your ice beast misses something.
You barely miss the orc warrior. You bite the orc warrior. You drain its power.
You feel invigorated.
The orc warrior is severely wounded.
Something hits you but does no damage.
The orc warrior hits you with a +0 battleaxe!!
* * * LOW HITPOINT WARNING * * *
Your ice beast barely misses something.
Okay, then.
A red film seems to cover your vision as you go berserk!
You feel yourself moving faster!
You feel mighty!
You hear some strange, mumbled words.
A magic dart appears from out of thin air!
The magic dart hits you but does no damage.
The orc warrior hits you with a +0 battleaxe!!
You die...

##..............#..#.......
##......#.......#.........#.
#........................#..
##.##....................#..
###........................
##........#.#.............
#....#....................
##......o)#.#........^...#
##......@.............##.
##....{...............#.
#...Y.......#.###......
##.#...#...#### ###.##.
########### #####


You could see an orc warrior (strong, poisoned, ally target) and a friendly ice
beast (summoned).

Vanquished Creatures
  A boulder beetle (Lair:3)
  A catoblepas (Lair:6)
  A deep troll shaman (Lair:6)
  8 death yaks
  An orc high priest (Orc:1)
  A fire crab (Lair:5)
  19 elephants
  A black mamba (Lair:4)
  A torpor snail (Lair:6)
  5 cane toads
  A rime drake (Lair:6)
  An unseen horror (D:10)
  3 komodo dragons
  3 jumping spiders (Lair:2)
  A polar bear (Lair:1)
  A troll (Orc:1)
  4 blink frogs
  A dream sheep (Lair:5)
  2 redbacks (Lair:2)
  A shadow (D:10)
  46 yaks
  A wyvern (Lair:5)
  A basilisk (Lair:3)
  A fire bat (Volcano)
  The ghost of Protee the Magician, an amateur DjIE (D:3)
  Edmund (D:6)
  A warg (Orc:2)
  An acid dragon (D:9)
  4 water moccasins
  4 orc warriors (Orc:1)
  A hornet zombie (D:8)
  2 sky beasts
  5 black bears
  A necrophage (D:4)
  8 wolves
  A centaur (D:4)
  A phantom (D:5)
  9 bullfrogs
  A scorpion (D:6)
  Dowan (D:6)
  6 wights
  4 howler monkeys
  3 lava snakes (Volcano)
  3 centaur zombies
  6 hounds
  An orc priest (D:4)
  A bullfrog skeleton (D:3)
  5 iguanas
  4 orc wizards
  Natasha (twice) (D:3)
  4 hell rats
  2 howler monkey zombies (D:9)
  Robin (D:4)
  19 gnolls
  7 adders
  A shadow imp (D:6)
  A white imp (D:7)
  3 nameless horrors
  3 ufetubi
  A worm (D:2)
  2 dart slugs
  30 orcs
  8 endoplasms
  2 giant cockroaches
  10 goblins
  9 hobgoblins
  13 jackals
  7 quokkas
  2 ball pythons (D:3)
  8 bats
  5 frilled lizards
  7 kobolds
  11 rats
339 creatures vanquished.

Vanquished Creatures (collateral kills)
  6 hydras
  A catoblepas (Lair:6)
  2 two-headed ogres
  5 death yaks
  A cyclops (Orc:1)
  2 black mambas
  2 elephants (Lair:4)
  11 cane toads
  3 rime drakes (Lair:6)
  7 komodo dragons
  2 trolls
  4 blink frogs
  3 spriggans (Lair:5)
  A snapping turtle (Lair:4)
  5 dream sheep
  Sigmund (D:4)
  5 redbacks (Lair:2)
  A wraith (D:9)
  2 wyverns
  16 yaks
  A steam dragon (D:9)
  2 basilisks
  Menkaure (D:6)
  Duvessa (D:6)
  10 water moccasins
  3 orc warriors
  3 black bears
  5 ogres
  3 wolves
  3 ice beasts
  2 nameless horrors
  A kobold brigand (D:6)
  3 bullfrogs
  2 scorpions
  6 wights
  6 electric eels
  A howler monkey (D:4)
  2 jellies
  3 orc priests
  A hound (D:5)
  2 iguanas
  Natasha (D:3)
  7 orc wizards
  A hell rat (Lair:6)
  9 gnolls
  2 adders (D:4)
  A white imp (D:7)
  20 orcs
  A bat (D:3)
  An endoplasm (D:4)
  2 goblins (D:4)
  A hobgoblin (D:4)
  A jackal (D:4)
  6 kobolds (D:6)
194 creatures vanquished.

Vanquished Creatures (others)
  2 bushes (Lair:5)
  35 fungi
  87 plants
124 creatures vanquished.

Grand Total: 657 creatures vanquished

Notes
Turn   | Place    | Note
-------+----------+-------------------------------------------
     0 | D:1      | HalberdGnoll the Vine Stalker Wanderer began the quest for
                  | the Orb.
     0 | D:1      | HalberdGnoll set off with the following items: a +2 dagger,
                  | a potion of berserk rage, 2 scrolls of teleportation, a +0
                  | robe
     0 | D:1      | Reached XP level 1. HP: 14/14 MP: 2/2
   186 | D:1      | Reached XP level 2. HP: 9/18 MP: 1/3
   463 | D:1      | You fall into a shaft and drop 1 floor!
   743 | D:2      | Reached XP level 3. HP: 21/21 MP: 4/4
  1136 | D:1      | Learned a level 1 spell: Summon Small Mammal
  1169 | D:1      | Found a faded altar of an unknown god.
  1608 | D:2      | Gained mutation: Your natural rate of healing is unusually
                  | fast. [Vine Stalker growth]
  1608 | D:2      | Reached XP level 4. HP: 26/26 MP: 3/5
  1681 | D:2      | Found a shimmering altar of Xom.
  1782 | D:2      | Reached skill level 1 in Summonings
  1790 | D:2      | Reached skill level 1 in Spellcasting
  1930 | D:2      | Learned a level 2 spell: Call Imp
  2052 | D:3      | Found a hazy altar of Hepliaklqana.
  2072 | D:3      | Noticed Natasha
  2111 | D:3      | Found a shimmering blue altar of Sif Muna.
  2148 | D:3      | Became a worshipper of Sif Muna the Loreminder
  2355 | D:3      | Found a runed translucent gate.
  2356 | D:3      | Found a runed translucent gate.
  2357 | D:3      | Found a runed translucent gate.
  2361 | D:3      | Noticed Protee's ghost (amateur DjIE)
  2491 | D:3      | Noticed an ice beast
  2493 | D:3      | Reached XP level 5. HP: 30/30 MP: 7/7
  3029 | D:3      | Killed an ice beast
  3034 | D:3      | Learned a level 3 spell: Call Canine Familiar
  3486 | D:3      | Killed Natasha
  3547 | D:3      | Noticed Natasha
  3564 | D:3      | Killed Natasha
  3630 | D:3      | Noticed Natasha
  3826 | D:3      | Found a hazy altar of Hepliaklqana.
  3843 | D:3      | Killed Natasha
  3844 | D:3      | Reached XP level 6. HP: 33/34 MP: 1/8
  4041 | D:4      | Noticed Sigmund
  4064 | D:4      | Noticed Robin
  4075 | D:4      | Killed Robin
  4103 | D:4      | Reached * piety under Sif Muna
  4146 | D:4      | Reached skill level 5 in Summonings
  4884 | D:5      | Entered Level 5 of the Dungeon
  4957 | D:5      | Noticed a black bear
  5141 | D:4      | Killed a black bear
  5142 | D:4      | Reached XP level 7. HP: 38/38 MP: 0/9
  5661 | D:5      | Learned a level 4 spell: Summon Ice Beast
  5748 | D:5      | Reached skill level 1 in Ice Magic
  5907 | D:5      | Found a burning altar of Makhleb.
  5953 | D:5      | Gained mutation: You have razor-sharp teeth. [Vine Stalker
                  | growth]
  5953 | D:5      | Reached XP level 8. HP: 42/42 MP: 10/15
  6118 | D:5      | Found a radiant altar of Vehumet.
  6571 | D:6      | Noticed Menkaure
  6590 | D:6      | Killed Menkaure
  6833 | D:6      | Noticed Duvessa
  6833 | D:6      | Noticed Dowan
  6864 | D:6      | Noticed Edmund
  6878 | D:6      | Killed Edmund
  7027 | D:6      | Reached skill level 5 in Ice Magic
  7033 | D:6      | Reached ** piety under Sif Muna
  7460 | D:6      | Found an opulent altar of Gozag.
  7460 | D:6      | Found a faded altar of an unknown god.
  7466 | D:6      | Found a white marble altar of Elyvilon.
  7468 | D:6      | Found a faded altar of an unknown god.
  7470 | D:6      | Found a hide-covered altar of Uskayaw.
  8743 | D:7      | Found a staircase to the Ecumenical Temple.
  8875 | D:7      | Reached XP level 9. HP: 32/46 MP: 9/16
  8926 | D:7      | Found a bloodstained altar of Trog.
  9053 | D:8      | Identified the +2 flail of Gixi {vamp, Will+}
  9104 | D:8      | Noticed a two-headed ogre
  9118 | D:8      | Killed a two-headed ogre
  9123 | D:8      | Learned a level 3 spell: Ozocubu's Armour
  9510 | D:8      | Reached skill level 5 in Fighting
  9780 | D:7      | Found a staircase to the Ecumenical Temple.
 11145 | D:6      | Killed Dowan
 11150 | D:6      | Killed Duvessa
 11351 | D:4      | Killed Sigmund
 11352 | D:4      | Reached skill level 5 in Dodging
 11352 | D:4      | Reached XP level 10. HP: 47/53 MP: 2/17
 11614 | D:4      | Reached *** piety under Sif Muna
 12271 | D:4      | Reached **** piety under Sif Muna
 12524 | Temple   | Entered the Ecumenical Temple
 12853 | D:9      | Noticed a two-headed ogre
 12987 | D:9      | Found a staircase to the Orcish Mines.
 13829 | D:9      | Identified the +2 leather armour of Summertime {Harm rC+}
 14008 | D:9      | Killed a two-headed ogre
 14299 | D:10     | Entered Level 10 of the Dungeon
 14573 | D:10     | Killed an unseen horror
 15719 | D:10     | Reached XP level 11. HP: 57/60 MP: 3/18
 15925 | D:10     | Found a staircase to the Lair.
 16189 | D:10     | Found a blossoming altar of Fedhas.
 16535 | Lair:1   | Entered Level 1 of the Lair of Beasts
 17214 | Lair:1   | Noticed a four-headed hydra
 17619 | Lair:1   | Killed a four-headed hydra
 18389 | Lair:2   | Found a dark tunnel.
 18399 | Volcano  | Entered a volcano
 18480 | Volcano  | Reached skill level 1 in Invocations
 18627 | Volcano  | Found a burning altar of Makhleb.
 18627 | Volcano  | Noticed a salamander
 18627 | Volcano  | Noticed a salamander mystic
 18627 | Volcano  | Noticed a salamander
 18627 | Volcano  | Noticed a salamander
 18668 | Lair:2   | Reached skill level 2 in Invocations
 19043 | Lair:2   | Noticed a seven-headed hydra
 19240 | Lair:2   | Found a hole to the Spider Nest.
 19245 | Lair:2   | Reached skill level 3 in Invocations
 19264 | Lair:2   | Reached skill level 4 in Invocations
 19442 | Lair:2   | Reached skill level 5 in Invocations
 19522 | Lair:2   | Killed a seven-headed hydra
 19523 | Lair:2   | Reached skill level 6 in Invocations
 19928 | Lair:2   | Reached skill level 7 in Invocations
 20440 | Lair:3   | Noticed a boulder beetle
 20496 | Lair:3   | Killed a boulder beetle
 20497 | Lair:3   | Reached XP level 12. HP: 60/67 MP: 3/19
 20859 | Lair:3   | Reached skill level 8 in Invocations
 21365 | Lair:3   | Reached ***** piety under Sif Muna
 21365 | Lair:3   | Identified Jajess's Grimoire of Dark Magic and the
                  | Snowflakes (Sif Muna gifted it to you on level 3 of the
                  | Lair of Beasts)
 21365 | Lair:3   | Received a gift from Sif Muna
 21369 | Lair:3   | Reached skill level 1 in Shields
 21845 | Lair:4   | Noticed a five-headed hydra
 21859 | Lair:4   | Killed a five-headed hydra
 21881 | Lair:4   | Reached skill level 9 in Invocations
 21987 | Lair:4   | Noticed a death yak
 22001 | Lair:4   | Noticed a death yak
 22001 | Lair:4   | Noticed a death yak
 22042 | Lair:3   | Killed a death yak
 22162 | Lair:3   | Killed a death yak
 22245 | Lair:4   | Killed a death yak
 22411 | Lair:4   | Reached skill level 10 in Invocations
 22541 | Lair:4   | Found a runed translucent door.
 22635 | Lair:4   | Found a staircase to the Shoals.
 23023 | Lair:4   | Noticed a seven-headed hydra
 23272 | Lair:5   | Reached skill level 11 in Invocations
 23378 | Lair:5   | Noticed a death yak
 23396 | Lair:5   | Noticed a death yak
 23407 | Lair:5   | Noticed a death yak
 23407 | Lair:5   | Noticed a death yak
 23408 | Lair:5   | Noticed a death yak
 23458 | Lair:4   | Killed a death yak
 23688 | Lair:5   | Reached XP level 13. HP: 68/71 MP: 22/22
 23733 | Lair:5   | Reached skill level 12 in Invocations
 23743 | Lair:5   | Learned a level 6 spell: Statue Form
 23812 | Lair:5   | Found a viscous altar of Jiyva.
 23813 | Lair:5   | Found a staircase to the Slime Pits.
 24038 | Lair:5   | Reached skill level 1 in Transmutations
 24038 | Lair:5   | Reached skill level 1 in Earth Magic
 24485 | Lair:5   | Learned a level 3 spell: Frozen Ramparts
 24489 | Lair:5   | Learned a level 3 spell: Summon Guardian Golem
 24490 | Lair:6   | Entered Level 6 of the Lair of Beasts
 25024 | Lair:5   | Reached skill level 5 in Spellcasting
 25771 | Lair:5   | Identified Sif Muna's Guide on Curses (Sif Muna gifted it
                  | to you on level 5 of the Lair of Beasts)
 25771 | Lair:5   | Received a gift from Sif Muna
 25923 | Lair:6   | Reached skill level 1 in Hexes
 26526 | Lair:6   | Learned a level 5 spell: Metabolic Englaciation
 26563 | Lair:6   | Reached XP level 14. HP: 74/76 MP: 19/25
 27864 | Lair:6   | Identified the +7 trident of Bread {pain, rC+}
 28325 | D:3      | Killed Protee's ghost
 28508 | Orc:1    | Entered Level 1 of the Orcish Mines
 29096 | Orc:2    | Entered Level 2 of the Orcish Mines
 29279 | Orc:1    | HP: 2/76 [orc warrior/+0 battleaxe (28)]
 29280 | Orc:1    | Demolished by an orc warrior

Illustrated notes

Levels and vault maps discovered:
D:1:      erik_arrival_cave_to_civilisation [erik_arrival_cave_to_temple],
          layout_rooms, hellmonk_ecumenical_altar_blasted
D:2:      layout_rooms, basic_altar
D:3:      minmay_diamond_boxcup, layout_basic, amcnicky_altar_gilded,
          nicolae_hepliaklqana_hazy_memory, gammafunk_ghost_necromancy,
          uniq_natasha
D:4:      lemuel_castle_with_subvaults [lemuel_castle_interior_original],
          layout_basic, uniq_robin, uniq_sigmund
D:5:      layout_loops_ring, general_overflow_altar, nicolae_vehumet_radiance,
          minmay_between
D:6:      layout_gridville, chequers_temple_overflow_minitemple,
          lightli_minifort, uniq_menkaure, uniq_duvessa, uniq_edmund
D:7:      layout_rooms, marbit_many_paths, minmay_temple_entry_mist
D:8:      layout_basic, minivault_4, grunt_ministairs_4
D:9:      layout_layer_cave, orc_0_dummy, serial_glass, glass_columns_b,
          glass_columns_a, hangedman_decor_riveting
D:10:     layout_basic, fedhas_altar_fruit_tree, lair_entry_dummy
Temple:   oiseaux_autumnal_temple
Lair:1:   layout_cave_pods
Lair:2:   beast_lair_carwin_large_2, layout_chaotic_city,
          nicolae_spider_entry_tight_spaces, nicolae_volcano_entry_lava_flow,
          infiniplex_staircase_pool_2
Lair:3:   layout_roguey
Lair:4:   layout_gridlike, minmay_shoals_entry_hut, pf_torpor_hydra
Lair:5:   layout_big_grid, dpeg_slime_entry_enclosed_altar, wad_woods_02,
          serial_bayou_shore_b
Lair:6:   grunt_lair_end_beastmaster, layout_big_grid,
          hangedman_lair_unloving_vines, st_stairs_5
Orc:1:    layout_caves, serial_shops, nicolae_shop_stone, bh_open_orc_temple
Orc:2:    st_orc_ogre_mass, layout_caves, ebering_ghost_rock_garden

Skill      XL: |  1  2  3  4  5  6  7  8  9 10 11 12 13 14 |
---------------+-------------------------------------------+-----
Stealth        | 3 |  3.9
Dodging        | 2 5 7 8 |  8.2
Summonings     | 2 4 6 7 |  7.0
Spellcasting   | 1 4 7 8 |  8.0
Ice Magic      | 2 6 7 9 |  9.9
Fighting       | 6 8 9 |  9.7
Invocations    | 7 11 12 | 12.0
Shields        | 4 |  4.0
Transmutations | 3 |  3.4
Earth Magic    | 3 |  3.5
Hexes          | 3 4 |  4.9
Throwing       | |  1.0
Unarmed Combat | |  1.0

Action                   |  1- 3 |  4- 6 |  7- 9 | 10-12 | 13-15 || total
-------------------------+-------+-------+-------+-------+-------++-------
Melee: Dagger            |   115 |   151 |   204 |   766 |   784 ||  2020
       Bite              |    19 |    35 |   102 |   437 |   387 ||   980
       Punch             |       |       |     3 |     3 |       ||     6
 Fire: Hunting sling     |       |    11 |       |       |       ||    11
Throw: Stone             |    18 |       |       |       |     9 ||    27
 Cast: Summon Small Mamm |       |     2 |       |       |       ||     2
       Call Imp          |       |    52 |    32 |       |       ||    84
       Call Canine Famil |       |     5 |    32 |     7 |       ||    44
       Summon Ice Beast  |       |       |    56 |   199 |   121 ||   376
       Frozen Ramparts   |       |       |       |       |     3 ||     3
       Ozocubu's Armour  |       |       |       |       |     2 ||     2
       Metabolic Englaci |       |       |       |       |     1 ||     1
Invok: Channel Magic     |       |       |       |       |     1 ||     1
Evoke: Wand              |       |       |       |     6 |       ||     6
       Condenser vane    |       |       |       |     1 |       ||     1
  Use: Scroll            |     2 |     4 |     3 |    10 |     3 ||    22
       Potion            |     1 |       |       |     1 |     2 ||     4
 Stab: Sleeping          |     4 |     4 |     8 |    14 |     3 ||    33
       Distracted        |       |     2 |     3 |     9 |     2 ||    16
       Paralysed         |       |       |       |     2 |       ||     2
Armor: Robe              |    23 |    28 |    33 |    85 |   145 ||   314
       Ring mail         |       |       |       |       |    43 ||    43
Dodge: Dodged            |    57 |   114 |   184 |   715 |   912 ||  1982
Block: Buckler           |       |       |       |    97 |   323 ||   420

Table legend: (Time is in decaauts)
 A = Elapsed time spent in this place.
 B = Non-inter-level travel time spent in this place.
 C = Inter-level travel time spent in this place.
 D = Time resting spent in this place.
 E = Time spent auto-exploring this place.
 F = Levels seen in this place.
 G = Mean time per level.
                   A        B        C        D        E       F      G
               +--------+--------+--------+--------+--------+-----+--------+
         Total |  29443 |  27332 |   2111 |   5208 |  14184 |  20 | 1472.2 |
       Dungeon |  16747 |  15364 |   1383 |   3114 |   8109 |  10 | 1674.7 |
        Temple |    279 |    261 |     18 |      0 |    259 |   1 |  279.0 |
          Lair |  11384 |  10721 |    663 |   1967 |   5333 |   6 | 1897.3 |
  Orcish Mines |    773 |    727 |     46 |    127 |    413 |   2 |  386.5 |
       Volcano |    258 |    258 |      0 |      0 |     69 |   1 |  258.0 |
               +--------+--------+--------+--------+--------+-----+--------+

Top non-repeatable levels by time:
  Lair:5: 2700 daAuts
     D:4: 2493 daAuts
  Lair:6: 2182 daAuts
    D:10: 2158 daAuts
     D:3: 2136 daAuts
     D:6: 1965 daAuts
  Lair:1: 1923 daAuts
     D:8: 1843 daAuts
  Lair:2: 1804 daAuts
  Lair:3: 1590 daAuts
     D:5: 1491 daAuts
     D:7: 1361 daAuts
     D:9: 1359 daAuts
  Lair:4: 1184 daAuts
     D:1: 981 daAuts
